TOP OF THE 1ST |
Lowell Spinners batting - Pitching for Vancouver Canadians : RHP Humberto Gutierrez
|
Pitching: RHP Humberto Gutierrez
|
|
Batting: LHB Stanislav Parusov
|
0-0: Ball 1-0: Called Strike 1-1: Foul Ball, location: 2F 1-2: Fly out, F9 (Flyball, 9S, EV 83.8 MPH)
|
Batting: RHB William Lung
|
0-0: Foul Ball, location: 2F 0-1: Ball 1-1: Called Strike 1-2: Foul Ball, location: 2F 1-2: Strikes out swinging
|
Batting: LHB Nelis Geurts
|
0-0: Swinging Strike 0-1: Ball 1-1: Ball 2-1: Foul Ball, location: 2F 2-2: Ball 3-2: Base on Balls
|
Batting: RHB Matt Hinkle
|
0-0: Called Strike Nelis Geurts steals 2nd base 0-1: TRIPLE (Flyball, 9LD, EV 109.4 MPH) Nelis Geurts scores
|
Batting: LHB Danny Montoya
|
0-0: Ball 1-0: Swinging Strike 1-1: Fly out, F8 (Flyball, 8RD, EV 98.8 MPH)
|
Top of the 1st over - 1 run, 1 hit, 0 errors, 1 left on base; Lowell 1 - Vancouver 0 |
BOTTOM OF THE 1ST |
Vancouver Canadians batting - Pitching for Lowell Spinners : LHP Eddie Contreras
|
Pitching: LHP Eddie Contreras
|
|
Batting: RHB Kennet Strijbis
|
0-0: Ball 1-0: Foul Ball, location: 2F 1-1: Swinging Strike 1-2: Ground out 6-3 (Groundball, 6, EV 85.6 MPH)
|
Batting: RHB Michel Martineau
|
0-0: Foul Ball, location: 2F 0-1: Ball 1-1: Foul Ball, location: 2F 1-2: Strikes out swinging
|
Batting: RHB Jose Garate
|
0-0: Ball 1-0: Ball 2-0: Ball 3-0: Called Strike 3-1: Base on Balls
|
Batting: RHB Kyle Scruggs
|
0-0: Called Strike 0-1: Ball 1-1: Ball 2-1: Foul Ball, location: 2F 2-2: Foul Ball, location: 2F 2-2: Strikes out swinging
|
Bottom of the 1st over - 0 runs, 0 hits, 0 errors, 1 left on base; Lowell 1 - Vancouver 0 |
TOP OF THE 2ND |
Lowell Spinners batting - Pitching for Vancouver Canadians : RHP Humberto Gutierrez
|
Batting: RHB Nick Cottrell
|
0-0: Ball 1-0: Swinging Strike 1-1: DOUBLE (Groundball, 5L, EV 101.9 MPH)
|
Batting: RHB Billy Ratz
|
0-0: 2-RUN HOME RUN (Flyball, 7LD, EV 93.8 MPH), Distance : 357 ft
|
Batting: RHB Mike Strey
|
0-0: Called Strike 0-1: Ground out U3 (Groundball, 13, EV 85.6 MPH)
|
Batting: RHB Ted Emmerich
|
0-0: Swinging Strike 0-1: Called Strike 0-2: Ball 1-2: Foul Ball, location: 2F 1-2: Ball 2-2: Ball 3-2: DOUBLE (Line Drive, 9LS, EV 100.6 MPH)
|
Batting: LHB Stanislav Parusov
|
0-0: Foul Ball, location: 2F 0-1: Ball 1-1: Ground out 1-3 (Groundball, 25, EV 74.4 MPH)
|
Batting: RHB William Lung
|
0-0: Ball 1-0: Called Strike 1-1: Foul Ball, location: 2F 1-2: Ball 2-2: Strikes out swinging
|
Top of the 2nd over - 2 runs, 3 hits, 0 errors, 1 left on base; Lowell 3 - Vancouver 0 |
BOTTOM OF THE 2ND |
Vancouver Canadians batting - Pitching for Lowell Spinners : LHP Eddie Contreras
|
Batting: RHB Wade Diamond
|
0-0: Ball 1-0: Ball 2-0: Ball 3-0: Called Strike 3-1: Called Strike 3-2: SINGLE (Groundball, 15S, EV 62.5 MPH) (infield hit)
|
Batting: SHB Ryan Chicoine
|
0-0: Ball Wade Diamond steals 2nd base 1-0: Ground out 6-3 (Groundball, 6, EV 101.9 MPH)
|
Batting: RHB Dan Hilyer
|
0-0: Called Strike 0-1: Ball 1-1: Foul Ball, location: 2F 1-2: Ball 2-2: Foul Ball, location: 2F 2-2: Ball 3-2: Foul Ball, location: 2F 3-2: Foul Ball, location: 2F 3-2: Foul Ball, location: 2F 3-2: Ground out U3 (Groundball, 34S, EV 87.5 MPH) Wade Diamond to third
|
Batting: RHB Luis Reyes
|
0-0: Called Strike 0-1: DOUBLE (Line Drive, 9LD, EV 103.1 MPH) Wade Diamond scores
|
Batting: SHB Scott Robbins
|
0-0: Ball 1-0: Foul Ball, location: 2F 1-1: Foul Ball, location: 2F 1-2: Strikes out swinging
|
Bottom of the 2nd over - 1 run, 2 hits, 0 errors, 1 left on base; Lowell 3 - Vancouver 1 |
TOP OF THE 3RD |
Lowell Spinners batting - Pitching for Vancouver Canadians : RHP Humberto Gutierrez
|
Batting: LHB Nelis Geurts
|
0-0: Ball 1-0: Foul Ball, location: 2F 1-1: Ground out 6-3 (Groundball, 6, EV 110.6 MPH)
|
Batting: RHB Matt Hinkle
|
0-0: Called Strike 0-1: Foul Ball, location: 2F 0-2: Foul Ball, location: 2F 0-2: Ball 1-2: Strikes out swinging
|
Batting: LHB Danny Montoya
|
0-0: Called Strike 0-1: Ball 1-1: Swinging Strike 1-2: Ground out 6-3 (Groundball, P, EV 76.9 MPH)
|
Top of the 3rd over - 0 runs, 0 hits, 0 errors, 0 left on base; Lowell 3 - Vancouver 1 |
BOTTOM OF THE 3RD |
Vancouver Canadians batting - Pitching for Lowell Spinners : LHP Eddie Contreras
|
Batting: RHB Kennet Strijbis
|
0-0: Ball 1-0: Ball 2-0: Ground out 1-3 (Groundball, 13S, EV 70.0 MPH)
|
Batting: RHB Michel Martineau
|
0-0: Ball 1-0: Ball 2-0: Ball 3-0: Base on Balls
|
Batting: RHB Jose Garate
|
0-0: Called Strike 0-1: Ball 1-1: Called Strike 1-2: Hit by Pitch Michel Martineau to second
|
Batting: RHB Kyle Scruggs
|
0-0: Ball 1-0: Called Strike 1-1: Ball 2-1: Ball Wild Pitch! Michel Martineau to third Jose Garate to second 3-1: Base on Balls
|
Batting: RHB Wade Diamond
|
0-0: Called Strike 0-1: Ball 1-1: Fielders Choice at 2nd, 6-4 (Groundball, 6, EV 78.1 MPH) Michel Martineau scores Jose Garate to third
|
Batting: SHB Ryan Chicoine
|
0-0: Swinging Strike 0-1: Foul Ball, location: 2F 0-2: Ball 1-2: Strikes out looking
|
Bottom of the 3rd over - 1 run, 0 hits, 0 errors, 2 left on base; Lowell 3 - Vancouver 2 |
TOP OF THE 4TH |
Lowell Spinners batting - Pitching for Vancouver Canadians : RHP Humberto Gutierrez
|
Batting: RHB Nick Cottrell
|
0-0: Swinging Strike 0-1: Called Strike 0-2: Strikes out swinging
|
Batting: RHB Billy Ratz
|
0-0: Fly out, F7 (Flyball, 7S, EV 80.6 MPH)
|
Batting: RHB Mike Strey
|
0-0: Called Strike 0-1: Ball 1-1: Swinging Strike 1-2: Ball 2-2: Ball 3-2: Fly out, F7 (Flyball, 78D, EV 95.0 MPH)
|
Top of the 4th over - 0 runs, 0 hits, 0 errors, 0 left on base; Lowell 3 - Vancouver 2 |
BOTTOM OF THE 4TH |
Vancouver Canadians batting - Pitching for Lowell Spinners : LHP Eddie Contreras
|
Batting: RHB Dan Hilyer
|
0-0: SINGLE (Groundball, 5S, EV 68.1 MPH) (infield hit)
|
Batting: RHB Luis Reyes
|
0-0: Ball Dan Hilyer is caught stealing 2nd base 2-4 1-0: Reached on error, E6 (Groundball, 6, EV 78.8 MPH)
|
Batting: SHB Scott Robbins
|
0-0: Foul Ball, location: 2F 0-1: Ball 1-1: Ball 2-1: SINGLE (Groundball, 56S, EV 68.8 MPH) (infield hit) Luis Reyes to second
|
Batting: RHB Kennet Strijbis
|
0-0: Foul Ball, location: 2F 0-1: Fielders Choice at 2nd, 1-4 (Groundball, 25, EV 71.2 MPH) Luis Reyes to third
|
Batting: RHB Michel Martineau
|
0-0: Ball 1-0: Swinging Strike 1-1: Ball 2-1: Foul Ball, location: 2F 2-2: Strikes out swinging
|
Bottom of the 4th over - 0 runs, 2 hits, 1 error, 2 left on base; Lowell 3 - Vancouver 2 |
TOP OF THE 5TH |
Lowell Spinners batting - Pitching for Vancouver Canadians : RHP Humberto Gutierrez
|
Batting: RHB Ted Emmerich
|
0-0: Ball 1-0: Ball 2-0: Called Strike 2-1: Ball 3-1: Foul Ball, location: 2F 3-2: Ground out 4-3 (Groundball, 4, EV 83.1 MPH)
|
Batting: LHB Stanislav Parusov
|
0-0: Ball 1-0: Called Strike 1-1: Ball 2-1: Foul Ball, location: 2F 2-2: SINGLE (Line Drive, 6D, EV 107.5 MPH)
|
Batting: RHB William Lung
|
0-0: Called Strike Stanislav Parusov steals 2nd base (no throw) 0-1: Ball 1-1: Ground out 5-3 (Groundball, 56, EV 108.1 MPH)
|
Batting: LHB Nelis Geurts
|
0-0: Ball 1-0: Ball 2-0: Foul Ball, location: 2F 2-1: Swinging Strike 2-2: Ball 3-2: Strikes out looking
|
Top of the 5th over - 0 runs, 1 hit, 0 errors, 1 left on base; Lowell 3 - Vancouver 2 |
BOTTOM OF THE 5TH |
Vancouver Canadians batting - Pitching for Lowell Spinners : LHP Eddie Contreras
|
Batting: RHB Jose Garate
|
0-0: Ball 1-0: Swinging Strike 1-1: DOUBLE (Line Drive, 7LS, EV 100.0 MPH)
|
Batting: RHB Kyle Scruggs
|
0-0: Ball 1-0: Swinging Strike 1-1: Called Strike 1-2: Ball 2-2: Ball 3-2: Fly out, F7 (Flyball, 78S, EV 83.1 MPH)
|
Batting: RHB Wade Diamond
|
0-0: Called Strike 0-1: Ball 1-1: Swinging Strike 1-2: Foul Ball, location: 2F 1-2: Ball 2-2: Foul Ball, location: 2F 2-2: Ball 3-2: Base on Balls
|
Pitching: RHP Jose Abanto
|
|
Pinch Runner at 2nd Roald Jacobs:
|
|
Batting: SHB Ryan Chicoine
|
0-0: Called Strike Roald Jacobs steals 3rd base 0-1: Ball Wade Diamond is caught stealing 2nd base 2-6 1-1: Foul Ball, location: 2F 1-2: Ball 2-2: Strikes out looking
|
Bottom of the 5th over - 0 runs, 1 hit, 0 errors, 1 left on base; Lowell 3 - Vancouver 2 |
TOP OF THE 6TH |
Lowell Spinners batting - Pitching for Vancouver Canadians : RHP Humberto Gutierrez
|
Now at 1B: Greg Callaghan
|
|
Batting: RHB Matt Hinkle
|
0-0: Ball 1-0: Fly out, F7 (Flyball, 7, EV 93.8 MPH)
|
Batting: LHB Danny Montoya
|
0-0: Ball 1-0: Ground out 6-3 (Groundball, 6, EV 82.5 MPH)
|
Batting: RHB Nick Cottrell
|
0-0: Ball 1-0: Foul Ball, location: 2F 1-1: Foul Ball, location: 2F 1-2: Strikes out swinging
|
Top of the 6th over - 0 runs, 0 hits, 0 errors, 0 left on base; Lowell 3 - Vancouver 2 |
BOTTOM OF THE 6TH |
Vancouver Canadians batting - Pitching for Lowell Spinners : RHP Jose Abanto
|
Batting: RHB Dan Hilyer
|
0-0: Ball 1-0: Ball 2-0: Ball 3-0: Called Strike 3-1: Called Strike 3-2: Strikes out swinging
|
Batting: RHB Luis Reyes
|
0-0: Called Strike 0-1: Swinging Strike 0-2: Ball 1-2: Strikes out swinging
|
Batting: SHB Scott Robbins
|
0-0: Ball 1-0: Fly out, F5 (Line Drive, 5, EV 68.8 MPH)
|
Bottom of the 6th over - 0 runs, 0 hits, 0 errors, 0 left on base; Lowell 3 - Vancouver 2 |
TOP OF THE 7TH |
Lowell Spinners batting - Pitching for Vancouver Canadians : RHP Humberto Gutierrez
|
Batting: RHB Billy Ratz
|
0-0: Swinging Strike 0-1: Foul Ball, location: 2F 0-2: Ball 1-2: Strikes out swinging
|
Batting: RHB Mike Strey
|
0-0: Swinging Strike 0-1: Foul Ball, location: 2F 0-2: Foul Ball, location: 2F 0-2: Fly out, F4 (Popup, 34S, EV 88.1 MPH)
|
Batting: RHB Ted Emmerich
|
0-0: Ball 1-0: Called Strike 1-1: Swinging Strike 1-2: Strikes out looking
|
Top of the 7th over - 0 runs, 0 hits, 0 errors, 0 left on base; Lowell 3 - Vancouver 2 |
BOTTOM OF THE 7TH |
Vancouver Canadians batting - Pitching for Lowell Spinners : RHP Jose Abanto
|
Batting: RHB Kennet Strijbis
|
0-0: Ball 1-0: Ball 2-0: Called Strike 2-1: Foul Ball, location: 2F 2-2: SINGLE (Groundball, 6MD, EV 109.4 MPH)
|
Batting: RHB Michel Martineau
|
0-0: Ball Kennet Strijbis steals 2nd base 1-0: Ball 2-0: Ball 3-0: Called Strike 3-1: Called Strike 3-2: Fly out, F8 (Flyball, 8LD, EV 84.4 MPH) Runner from 2nd tags up, SAFE at 3rd, no throw by CF
|
Pinch Hitting: LHB Curt Maxwell
|
0-0: Ball 1-0: Foul Ball, location: 2F 1-1: Fly out, F9 (Flyball, 9, EV 88.1 MPH) Runner from 3rd tags up, SCORES, no throw by RF
|
Pinch Hitting: LHB Cedric Saunders
|
0-0: Swinging Strike 0-1: Ball 1-1: Swinging Strike 1-2: Strikes out swinging
|
Bottom of the 7th over - 1 run, 1 hit, 0 errors, 0 left on base; Lowell 3 - Vancouver 3 |
TOP OF THE 8TH |
Lowell Spinners batting - Pitching for Vancouver Canadians : RHP Humberto Gutierrez
|
Pitching: LHP John Joaquin
|
|
Now at 1B: Cedric Saunders
|
|
Now at 3B: Victor Gonzalez
|
|
Pinch Hitting: RHB Jason Gress
|
0-0: Ball 1-0: Called Strike 1-1: Ball 2-1: Ball 3-1: Foul Ball, location: 2F 3-2: SINGLE (Line Drive, 8LS, EV 111.9 MPH)
|
Pitching: RHP Ashton Klinger
|
|
Pinch Hitting: SHB Eric Evans
|
0-0: Called Strike 0-1: Called Strike 0-2: Strikes out swinging
|
Pitching: LHP Dave Schmidt
|
|
Batting: RHB Curt Stallings
|
0-0: Ball 1-0: Foul Ball, location: 2F 1-1: Ball 2-1: Called Strike 2-2: Foul Ball, location: 2F 2-2: Strikes out looking
|
Pitching: RHP Bobby Leija
|
|
Batting: RHB Matt Hinkle
|
0-0: Called Strike 0-1: Ball 1-1: Ball 2-1: Ball 3-1: DOUBLE (Line Drive, 78XD, EV 105.0 MPH) Jason Gress to third Runner from 3rd tries for Home, SAFE, throw by CF to trailing runner, SAFE at third!
|
Batting: LHB Danny Montoya
|
0-0: Ball 1-0: DOUBLE (Line Drive, 3D, EV 101.2 MPH) Matt Hinkle scores
|
Batting: RHB Nick Cottrell
|
0-0: Ball 1-0: Foul Ball, location: 2F 1-1: Swinging Strike 1-2: Foul Ball, location: 2F 1-2: Strikes out swinging
|
Top of the 8th over - 2 runs, 3 hits, 0 errors, 1 left on base; Lowell 5 - Vancouver 3 |
BOTTOM OF THE 8TH |
Vancouver Canadians batting - Pitching for Lowell Spinners : RHP Jose Abanto
|
Pitching: RHP Juan Mejia
|
|
Now at 2B: Jason Gress
|
|
Now at 3B: Nick Cottrell
|
|
Now in RF: Eric Evans
|
|
Batting: RHB Wade Diamond
|
0-0: Ball 1-0: Ball 2-0: Ball 3-0: Called Strike 3-1: SINGLE (Groundball, 56, EV 97.5 MPH)
|
Batting: SHB Ryan Chicoine
|
0-0: Ball 1-0: Swinging Strike Passed Ball! Wade Diamond to second 1-1: DOUBLE (Line Drive, 9LS, EV 101.9 MPH) Wade Diamond scores
|
Pinch Hitting: SHB Jose Garcia
|
0-0: Sac Bunt to 13 - play at first, batter OUT! 1-3 Ryan Chicoine to third
|
Batting: RHB Luis Reyes
|
0-0: Called Strike 0-1: Ball 1-1: Called Strike 1-2: Foul Ball, location: 2F 1-2: Hit by Pitch
|
Batting: SHB Scott Robbins
|
0-0: Ball 1-0: SINGLE (Groundball, 34D, EV 101.2 MPH) Ryan Chicoine scores Luis Reyes to second Runner from 2nd tries for 3rd, SAFE, throw by RF made to third
|
Pinch Hitting: LHB Edgar Castillo
|
0-0: Ball 1-0: Ball 2-0: Ball 3-0: Base on Balls Scott Robbins to second
|
Batting: RHB Michel Martineau
|
0-0: Ball 1-0: Called Strike 1-1: Called Strike 1-2: Fly out, F9 (Flyball, 89S, EV 80.6 MPH)
|
Pinch Hitting: RHB Cesar Chavez
|
0-0: Called Strike 0-1: Called Strike 0-2: Strikes out swinging
|
Bottom of the 8th over - 2 runs, 3 hits, 0 errors, 3 left on base; Lowell 5 - Vancouver 5 |
TOP OF THE 9TH |
Lowell Spinners batting - Pitching for Vancouver Canadians : RHP Bobby Leija
|
Now at 2B: Cesar Chavez
|
|
Now at 3B: Joel Bender
|
|
Now in LF: Edgar Castillo
|
|
Batting: RHB Billy Ratz
|
0-0: Ball 1-0: Called Strike 1-1: Ground out 6-3 (Groundball, 6S, EV 68.8 MPH)
|
Batting: RHB Mike Strey
|
0-0: Called Strike 0-1: SINGLE (Groundball, 56D, EV 95.6 MPH)
|
Batting: RHB Ted Emmerich
|
0-0: Swinging Strike 0-1: Foul Ball, location: 2F 0-2: Strikes out looking
|
Batting: RHB Jason Gress
|
0-0: Foul Ball, location: 2F 0-1: Swinging Strike 0-2: Foul Ball, location: 2F 0-2: Strikes out swinging
|
Top of the 9th over - 0 runs, 1 hit, 0 errors, 1 left on base; Lowell 5 - Vancouver 5 |
BOTTOM OF THE 9TH |
Vancouver Canadians batting - Pitching for Lowell Spinners : RHP Juan Mejia
|
Pitching: RHP Roberto Morales
|
|
Batting: LHB Cedric Saunders
|
0-0: Ball 1-0: Foul Ball, location: 2F 1-1: Ball 2-1: Ball 3-1: Base on Balls
|
Batting: RHB Wade Diamond
|
0-0: Ball 1-0: Called Strike 1-1: Ball Balk! Cedric Saunders to second 2-1: Fly out, F9 (Flyball, 9LS, EV 88.8 MPH)
|
Batting: SHB Ryan Chicoine
|
0-0: Called Strike 0-1: Foul Ball, location: 2F 0-2: Ground out 5-3 (Groundball, 5, EV 90.0 MPH)
|
Pinch Hitting: RHB John Michener
|
0-0: Intentional Walk
|
Pinch Runner at 2nd Lamberto Amicis:
|
|
Batting: RHB Luis Reyes
|
0-0: Ball 1-0: Foul Ball, location: 2F 1-1: Foul Ball, location: 2F 1-2: Foul Ball, location: 2F 1-2: Fly out, F9 (Flyball, 89XD, EV 91.9 MPH)
|
Bottom of the 9th over - 0 runs, 0 hits, 0 errors, 2 left on base; Lowell 5 - Vancouver 5 |
TOP OF THE 10TH |
Lowell Spinners batting - Pitching for Vancouver Canadians : RHP Bobby Leija
|
Pitching: RHP Aaron Linkous
|
|
Now at 1B: John Michener
|
|
Now at 3B: Luis Reyes
|
|
Now at SS: Lamberto Amicis
|
|
Batting: SHB Eric Evans
|
0-0: Ball 1-0: Foul Ball, location: 2F 1-1: Called Strike 1-2: Ball 2-2: Foul Ball, location: 2F 2-2: Foul Ball, location: 2F 2-2: Ball 3-2: Base on Balls
|
Batting: RHB Curt Stallings
|
0-0: Called Strike 0-1: Called Strike 0-2: Ball 1-2: Ball 2-2: Strikes out swinging
|
Batting: RHB Matt Hinkle
|
0-0: Swinging Strike 0-1: Swinging Strike 0-2: SINGLE (Groundball, 6S, EV 69.4 MPH) (infield hit) Eric Evans to second
|
Batting: LHB Danny Montoya
|
0-0: Ball 1-0: Called Strike 1-1: TRIPLE (Flyball, 8RXD, EV 100.6 MPH) Eric Evans scores Matt Hinkle scores
|
Batting: RHB Nick Cottrell
|
0-0: Ball 1-0: Ball 2-0: Foul Ball, location: 2F 2-1: Swinging Strike 2-2: Strikes out swinging
|
Batting: RHB Billy Ratz
|
0-0: Foul Ball, location: 2F 0-1: Foul Ball, location: 2F 0-2: Strikes out looking
|
Top of the 10th over - 2 runs, 2 hits, 0 errors, 1 left on base; Lowell 7 - Vancouver 5 |
BOTTOM OF THE 10TH |
Vancouver Canadians batting - Pitching for Lowell Spinners : RHP Roberto Morales
|
Batting: SHB Scott Robbins
|
0-0: Ball 1-0: Ball 2-0: Ball 3-0: Base on Balls
|
Batting: LHB Edgar Castillo
|
0-0: Ball Wild Pitch! Scott Robbins to second 1-0: Called Strike 1-1: Ball 2-1: Ground out 4-3 (Groundball, 4S, EV 84.4 MPH) Scott Robbins to third
|
Batting: RHB Michel Martineau
|
0-0: Ball 1-0: Ball 2-0: Called Strike 2-1: Ball 3-1: Called Strike 3-2: Base on Balls
|
Batting: RHB Cesar Chavez
|
0-0: Ball 1-0: Called Strike Balk! Scott Robbins scores Michel Martineau to second 1-1: Foul Ball, location: 2F 1-2: Strikes out swinging
|
Batting: RHB Lamberto Amicis
|
0-0: Ball 1-0: Ground out 5-3 (Groundball, 56, EV 89.4 MPH)
|
Bottom of the 10th over - 1 run, 0 hits, 0 errors, 1 left on base; Lowell 7 - Vancouver 6 |
|